 Dungeon Crawl Stone Soup version 0.27-a0-1200-g94dc6ad4cf (webtiles) character file.

Game seed: 10803087595910028898

67 funkygono the Chiller (level 4, 0/25 HPs)
             Began as a Gargoyle Ice Elementalist on June 1, 2021.
             Slain by Crazy Yiuf
             ... wielding a +2 quarterstaff of chaos
              (8 damage)
             ... on level 2 of the Dungeon.
             The game lasted 00:03:19 (1971 turns).

funkygono the Chiller (Gargoyle Ice Elementalist)   Turns: 1971, Time: 00:03:20

Health: 0/25       AC:  7    Str: 12    XL:     4   Next: 16%
Magic:  8/8        EV: 11    Int: 16    God:
Gold:   95         SH:  0    Dex: 10    Spells: 1/8 levels left

rFire    . . .     SeeInvis .   i - +0 whip
rCold    . . .     Faith    .   (no shield)
rNeg     + . .     Spirit   .   b - +0 leather armour
rPois    ∞         Reflect  .   (no helmet)
rElec    +         Harm     .   c - +0 cloak
rCorr    .         Rampage  .   (no gloves)
Will     .....                  (no boots)
Stlth    +.........             (no amulet)
HPRegen  0.08/turn              (no ring)
MPRegen  0.11/turn              (no ring)

@: confused, ambrosia-drunk
A: sickness immunity, AC +3, negative energy resistance 1, electricity
resistance, torment resistance 1, petrification resistance
a: no special abilities


You were on level 2 of the Dungeon.
You visited 1 branch of the dungeon, and saw 2 of its levels.

You collected 95 gold pieces.

Inventory:

Hand Weapons
 d - a +0 dagger
 h - a +0 club
 i - a +0 whip (weapon)
Missiles
 g - 49 stones
Armour
 a - a +0 robe
 b - a +0 leather armour (worn)
 c - a +0 cloak (worn)
Magical Staves
 f - a staff of poison


   Skills:
 + Level 1.0 Fighting
 + Level 0.4 Armour
 + Level 1.5 Dodging
 - Level 2.1 Stealth
 * Level 2.8 Spellcasting
 * Level 4.8 Ice Magic


You had one spell level left.
You knew the following spells:

 Your Spells              Type           Power      Damage    Failure   Level
a - Freeze                Ice            68%        1d8       3%          1
b - Frozen Ramparts       Ice            34%        1d5       10%         3
c - Ozocubu's Armour      Ice            17%        N/A       10%         3

Your spell library contained the following spells:

 Spells                   Type           Power      Damage    Failure   Level
 Hailstorm                Conj/Ice       10%        3d5       65%         4
 Metabolic Englaciation   Hex/Ice        5%         N/A       94%         5


Dungeon Overview and Level Annotations

Branches:
Dungeon (2/15)

Altars:

Annotations:
D:2 Crazy Yiuf


Innate Abilities, Weirdness & Mutations

You are immune to sickness and miasma.
Your stone body is resilient. (AC +3)
You are immune to poison.
You resist negative energy. (rN+)
You are resistant to electric shocks. (rElec)
You are resistant to unholy torment.
You are immune to petrification.


Message History

Aim: a hobgoblin You freeze the hobgoblin!
You kill the hobgoblin!
Casting: Freeze (safe; 3% risk of failure)
Confirm with . or Enter, or press ? or * to list all spells.
You can't see any susceptible monsters within range! (Use Z to cast anyway.) Unknown command.
You see here a hobgoblin corpse.
You start resting.
Magic restored.
Found a mace.
Found a runed translucent door.
Press: ? - help, v - describe, . - travel
Here: Crazy Yiuf, wielding a +2 quarterstaff of chaos and wearing a +2 cloak (fire blocked by a runed translucent door)
The floor.
You open the door.
Casting: Freeze (safe; 3% risk of failure)
Confirm with . or Enter, or press ? or * to list all spells.
Aiming: Freeze (safe; 3% risk of failure)
Press: ? - help, Shift-Dir - straight line, f - Crazy Yiuf
Aim: Crazy Yiuf, wielding a +2 quarterstaff of chaos and wearing a +2 cloak You freeze Crazy Yiuf.
Crazy Yiuf is lightly wounded.
Crazy Yiuf hits you with a +2 quarterstaff of chaos!
Ouch! That really hurt!
Crazy Yiuf freezes you.
* * * LOW HITPOINT WARNING * * *
You hit Crazy Yiuf but do no damage.
Crazy Yiuf is lightly wounded.
Crazy Yiuf barely misses you.
You barely miss Crazy Yiuf.
Crazy Yiuf is lightly wounded.
Crazy Yiuf hits you with a +2 quarterstaff of chaos.
* * * LOW HITPOINT WARNING * * *
Crazy Yiuf freezes you.
* * * LOW HITPOINT WARNING * * *
It was a potion of ambrosia.
You are confused.
You feel invigorated.
Crazy Yiuf hits you with a +2 quarterstaff of chaos!
You die...

................
###..
#..)....########
##. ######.....#
## ##.#### #####
#### # #....#
#)..# #..## #
###### #...#
##..# # ...
##.######## #
#g# #...)..... #
♣@♣♣ ########..
############
♣♣.♣ #..
.....†.....#
♣.♣♣ #..
##########.#
♣♣.♣ #.. # #.#
♣♣.♣♣ #.. # #.#
♣♣PP.♣ #.. # #.#
♣PPP.♣ #.. # #.#
##..## #..
#.####....# #..


You could see Crazy Yiuf.

Vanquished Creatures
  2 adders (D:2)
  A worm (D:2)
  8 bats
  3 endoplasms
  A giant cockroach (D:1)
  4 goblins
  3 hobgoblins
  3 jackals (D:1)
  4 kobolds
  A quokka (D:2)
  2 ball pythons
  6 frilled lizards
  6 rats
44 creatures vanquished.

Notes
Turn   | Place    | Note
-------+----------+-------------------------------------------
     0 | D:1      | funkygono the Gargoyle Ice Elementalist began the quest for
                  | the Orb.
     0 | D:1      | Reached XP level 1. HP: 10/10 MP: 3/3
   280 | D:1      | Reached XP level 2. HP: 15/15 MP: 1/5
   450 | D:1      | Found a faded altar of an unknown god.
   758 | D:1      | Reached XP level 3. HP: 19/19 MP: 3/6
  1045 | D:1      | Learned a level 3 spell: Frozen Ramparts
  1049 | D:1      | Learned a level 3 spell: Ozocubu's Armour
  1485 | D:2      | Reached skill level 1 in Fighting
  1629 | D:2      | Reached XP level 4. HP: 16/25 MP: 4/8
  1963 | D:2      | Found a runed translucent door.
  1964 | D:2      | Noticed Crazy Yiuf
  1971 | D:2      | Slain by Crazy Yiuf

Illustrated notes

Levels and vault maps discovered:
D:1:      onia_arrival_pyramid, layout_loops_ring,
          chequers_ecumenical_altar_grove
D:2:      layout_rooms, uniq_crazy_yiuf_cottage

Skill      XL: |  1  2  3 |
---------------+----------+-----
Fighting       | 1 |  1.0
Armour         | |  0.4
Dodging        | |  1.5
Stealth        | |  2.1
Spellcasting   | |  2.8
Ice Magic      | |  4.8

Action                   |  1- 3 |  4- 6 || total
-------------------------+-------+-------++-------
Melee: Unarmed           |     9 |       ||     9
       Club              |     4 |       ||     4
       Whip              |     3 |     2 ||     5
 Cast: Freeze            |    56 |     9 ||    65
  Use: Scroll            |     1 |       ||     1
       Potion            |       |     1 ||     1
Armor: Leather armour    |    33 |     3 ||    36
Dodge: Dodged            |    22 |     4 ||    26

Table legend: (Time is in decaauts)
 A = Elapsed time spent in this place.
 B = Non-inter-level travel time spent in this place.
 C = Inter-level travel time spent in this place.
 D = Time resting spent in this place.
 E = Time spent auto-exploring this place.
 F = Levels seen in this place.
 G = Mean time per level.
                   A        B        C        D        E       F      G
               +--------+--------+--------+--------+--------+-----+--------+
         Total |   1972 |   1953 |     19 |    383 |   1258 |   2 |  986.0 |
       Dungeon |   1972 |   1953 |     19 |    383 |   1258 |   2 |  986.0 |
               +--------+--------+--------+--------+--------+-----+--------+

Top non-repeatable levels by time:
     D:1: 1164 daAuts
     D:2: 807 daAuts
